 Dungeon Crawl Stone Soup version 0.20.1-1-g8b1a95d (webtiles) character file.

290732 Principatus the Executioner (level 19, -13/193 HPs)
             Began as a Minotaur Berserker on July 31, 2017.
             Was a High Priest of Trog.
             Killed from afar by a deep elf sorcerer (40 damage)
             ... with a bolt of acid
             ... on level 3 of the Elven Halls.
             The game lasted 05:15:00 (50216 turns).

Principatus the Executioner (Minotaur Berserker)   Turns: 50216, Time: 05:15:01

Health: -13/193    AC: 37    Str: 29    XL:     19   Next: 94%
Magic:  23/23      EV: 13    Int:  8    God:    Trog [*****.]
Gold:   2187       SH:  0    Dex: 10    Spells: 18/18 levels left

rFire    + + .     SeeInvis +   n - +5 executioner's axe "Neonyev" {drain, rElec MR++ Int+3 Dex-4}
rCold    + . .     Gourm    +   (shield currently unavailable)
rNeg     . . .     Faith    .   V - +10 plate armour {rF+}
rPois    .         Spirit   .   F - +1 hat
rElec    +         Reflect  .   O - scarf {cloud immunity}
rCorr    .         Harm     .   v - +2 pair of gloves {Str+3}
MR       +++++                  U - +0 pair of boots of Dramatic Exits {rF+ Str+3 Dex-2 SInv}
Stlth    ..........             u - amulet "Ahabb" {Gourm Slay+5}
Regen    1.5/turn               J - ring of protection from cold
MPRegen  0.2/turn               K - ring of protection from magic

@: regenerating, drained
A: retaliatory headbutt, horns 2, molten scales 1, high mp 1, electricity
resistance
}: 2/15 runes: serpentine, barnacled
a: Berserk, Trog's Hand, Brothers in Arms, Burn Spellbooks, Renounce Religion


You were on level 3 of the Elven Halls.
You worshipped Trog.
Trog was extremely pleased with you.
You were very full.

You visited 6 branches of the dungeon, and saw 34 of its levels.
You visited the Abyss 1 time.
You also visited: Labyrinth and Ice Cave.

You collected 3873 gold pieces.
You spent 1686 gold pieces at shops.

Inventory:

Hand Weapons
 n - the +5 executioner's axe "Neonyev" (weapon) {drain, rElec MR++ Int+3 Dex-4}
   (Trog gifted it to you on level 1 of the Shoals)

   A truly terrible weapon, it drains the life of those it strikes.
   It affects your intelligence (+3).
   It affects your dexterity (-4).
   It insulates you from electricity.
   It affects your resistance to hostile enchantments.
 z - the +9 battleaxe of Wiritziff {drain, Str+5 Int+3}
   (You found it on level 4 of the Lair of Beasts)

   A truly terrible weapon, it drains the life of those it strikes.
   It affects your strength (+5).
   It affects your intelligence (+3).
Missiles
 a - 97 tomahawks (quivered)
Armour
 v - a +2 pair of gloves of strength (worn)
 F - a +1 hat (worn)
 O - a scarf of cloud immunity (worn)
 U - the +0 pair of boots of Dramatic Exits (worn) {rF+ Str+3 Dex-2 SInv}
   (You found it on level 8 of the Dungeon)

   It affects your strength (+3).
   It affects your dexterity (-2).
   It protects you from fire.
   It lets you see invisible.
 V - a +10 plate armour of fire resistance (worn)
 Z - a +2 pair of gloves
Jewellery
 f - an uncursed ring of poison resistance
 u - the amulet "Ahabb" (around neck) {Gourm Slay+5}
   (You found it on level 4 of the Shoals)

   [amulet of the gourmand]

   It allows you to eat raw meat even when not hungry.
   It affects your accuracy and damage with ranged weapons and melee attacks
   (+5).
 B - an uncursed ring of protection from fire
 J - a ring of protection from cold (left hand)
 K - a ring of protection from magic (right hand)
Wands
 p - a wand of acid (11/15)
 E - a wand of clouds (0/9)
 I - a wand of iceblast (3/15)
 T - a wand of digging (13/24)
 W - a wand of acid (7/15)
 X - a wand of confusion (23/48)
Scrolls
 e - 9 scrolls of recharging
 g - 5 scrolls of fear
 j - 12 scrolls of remove curse
 k - 8 scrolls of teleportation
 l - 3 scrolls of enchant weapon
 o - a scroll of silence
 P - 8 scrolls of fog
 Q - 2 scrolls of blinking
 R - 4 scrolls of enchant armour
 S - 5 scrolls of magic mapping
Potions
 b - 2 potions of agility
 h - a potion of berserk rage
 q - 5 potions of flight
 s - 4 potions of curing
 w - 3 potions of might
 x - 3 potions of magic
 A - 3 potions of ambrosia
 D - a potion of mutation
 G - a potion of haste
 L - 4 potions of invisibility
 M - a potion of resistance
 N - 2 potions of heal wounds
Miscellaneous
 r - a phial of floods
 y - a lightning rod (2/4)
 H - a lamp of fire
 Y - 2 boxes of beasts
Comestibles
 c - 21 bread rations
 m - 22 fruits
 t - 6 royal jellies


   Skills:
 + Level 22.4(20.9) Fighting
 * Level 23.8(22.3) Axes
 + Level 20.1(18.7) Armour
 - Level 11.5(10.4) Dodging
   Level 4.0(3.1) Shields
 + Level 4.8(3.8) Evocations


You had 18 spell levels left.
You didn't know any spells.

Dungeon Overview and Level Annotations

Branches:
Dungeon (15/15)            Temple (0/1) D:5            Lair (6/6) D:9
 Shoals (4/4) Lair:3        Snake (4/4) Lair:2        Slime (0/5) Lair:6
    Orc (2/2) D:11            Elf (3/3) Orc:2        Vaults (0/5) D:14
 Depths (0/5) D:15

Altars:
Gozag
Okawaru
Ru
Xom
Jiyva

Shops:
Orc:2 ([?*:*=*[   Elf:3 %   Shoals:4 }   Snake:4 }

Annotations:
D:8 1 exclusion
Shoals:4 exclusion: oklob plant


Innate Abilities, Weirdness & Mutations

You reflexively headbutt those who attack you in melee.
You have a pair of horns on your head.
You are partially covered in molten scales. (AC +2)
You have an increased reservoir of magic. (+10% MP)
You are resistant to electric shocks. (rElec)


Message History

The deep elf master archer shoots an arrow.
The arrow hits you but does no damage.
The deep elf death mage casts a spell at you.
The bolt of negative energy hits you!
You feel drained.
* * * LOW HITPOINT WARNING * * *
You feel much better.
The deep elf high priest mumbles some strange prayers to its god against you.
Something smites you!
* * * LOW HITPOINT WARNING * * *
The deep elf sorcerer shouts, "You are history!"
The deep elf sorcerer is empowered by the deep elf high priest's aura!
The deep elf death mage hits you but does no damage.
The deep elf sorcerer becomes larger for a moment.
The crystal guardian fires a crystalline bolt at you.
The crystal bolt freezes you! You resist.
* * * LOW HITPOINT WARNING * * *
The deep elf demonologist gestures wildly while chanting.
The deep elf sorcerer gestures at you while chanting.
The bolt of acid hits you!
You die...

≈≈≈≈≈≈≈≈≈≈≈≈≈≈≈≈≈≈≈≈≈≈≈≈≈≈≈≈≈≈≈≈≈
#################################
................ .
................ ..
#'######'############'#
.....'.[.....)#.......#
.....#..)...))).(.....+
.....#.......)#.......#
########.#...###@######
#######..e).# #e)e8.# ##(e.##
##8##


eee. e.e... ....).... ......... You could see a deep elf master archer, a deep
elf death mage, 2 crystal guardians, 2 deep elf sorcerers, 2 deep elf
elementalists, a deep elf demonologist and 2 deep elf high priests.

Vanquished Creatures
  Mara (Elf:3)
  Saint Roka (Elf:3)
  Bai Suzhen (Elf:3)
  Nikola (Elf:3)
  Polyphemus (Shoals:2)
  The ghost of OneorTwo the Warrior, an adept KoBe of Trog (Shoals:4)
  Kirke (Lair:6)
  Agnes (Elf:2)
  7 nagarajas (Snake:4)
  Ilsuiw (Shoals:3)
  A frost giant (Shoals:4)
  An orc warlord (Orc:2)
  A deep elf sorcerer (Elf:3)
  2 deep elf elementalists (Elf:3)
  2 very ugly things (Abyss:3)
  A deep elf demonologist (Elf:3)
  A deep elf annihilator (Elf:2)
  The ghost of cba the Covert, a journeyman SpFi of Sif Muna (Lair:6)
  A blizzard demon (IceCv)
  4 merfolk javelineers (Shoals:4)
  15 merfolk impalers
  A deep elf death mage (Elf:3)
  A minotaur (Lab)
  An ogre mage (D:15)
  A deep elf high priest (Elf:1)
  23 naga warriors
  The ghost of jotwebe the Grappler, a journeyman DrTm (D:9)
  5 hydras
  A catoblepas (Shoals:2)
  Erica (Lair:2)
  5 centaur warriors
  5 merfolk avatars
  6 anacondas
  An alligator snapping turtle (Shoals:2)
  A death knight (D:15)
  6 merfolk aquamancers
  A queen ant (Lair:3)
  30 dancing weapons
  13 two-headed ogres
  2 satyrs
  4 thrashing horrors (Abyss:3)
  4 death yaks (Shoals:2)
  2 tengu warriors
  6 orc high priests (Orc:2)
  7 naga sharpshooters
  4 shock serpents
  Nergalle (D:12)
  13 deep elf knights
  6 large abominations (Abyss:3)
  2 wretched stars (Abyss:3)
  A salamander mystic (Snake:2)
  A sixfirhy (Abyss:3)
  A fire crab (Lair:6)
  14 sea snakes
  A glowing orange brain (Abyss:3)
  3 unseen horrors
  An orange crystal statue (Elf:3)
  An orc knight (Orc:1)
  A wolf spider zombie (D:15)
  5 naga ritualists
  12 deep elf archers
  7 ugly things
  12 harpies
  The ghost of Principatus the Spear-Bearer, a novice MfSk of Okawaru (D:6)
  3 mana vipers
  8 orc sorcerers
  16 fauns
  41 deep elf magi
  2 slime creatures (D:13)
  4 cyclopes
  14 manticores
  28 black mambas
  An apocalypse crab (Abyss:3)
  8 salamanders
  2 ice statues (IceCv)
  A centaur zombie (D:15)
  7 guardian serpents
  10 water nymphs
  15 naga magi
  A smoke demon (Abyss:3)
  10 merfolk sirens
  3 centaur skeletons
  3 gargoyles
  A torpor snail (Lair:2)
  A spiny frog (shapeshifter) (Elf:2)
  9 spiny frogs
  7 rime drakes
  7 komodo dragons
  13 ice devils (IceCv)
  2 efreet (Abyss:3)
  3 meliai
  3 ancient zymes (Abyss:3)
  5 trolls
  A minotaur zombie (Lab)
  4 polar bears (Lair:6)
  A troll (shapeshifter) (Elf:2)
  5 hornets (Lair:6)
  30 merfolk
  22 blink frogs
  9 wind drakes
  Prince Ribbit (D:8)
  23 dream sheep
  15 snapping turtles
  15 hippogriffs
  12 spriggans
  3 flying skulls (Abyss:3)
  A redback (shapeshifter) (D:15)
  A ynoxinul (Abyss:3)
  2 shadows (Lab)
  A centaur simulacrum (D:14)
  2 air elementals (Elf:2)
  4 hogs (Lair:6)
  3 wyverns
  13 water elementals
  A yak (shapeshifter) (Abyss:3)
  A vampire (D:15)
  2 wraiths
  27 yaks
  11 hungry ghosts
  5 basilisks
  2 steam dragons (Shoals:1)
  3 fire elementals
  A neqoxec (Abyss:3)
  2 vampire mosquitoes (D:15)
  56 nagas
  An acid dragon (D:14)
  3 wargs
  15 soldier ants (Lair:3)
  16 water moccasins
  8 porcupines
  3 black bears (Lair:6)
  27 orc warriors
  3 ice beasts
  A phantom (D:9)
  4 sky beasts
  3 eyes of draining
  16 wolves (Lair:6)
  5 boggarts (Lair:6)
  3 necrophages
  23 centaurs
  13 ogres
  11 crocodiles
  A small abomination (Abyss:3)
  A big kobold (D:12)
  21 bullfrogs
  6 earth elementals
  4 scorpions
  5 wights
  3 killer bees (D:13)
  2 howler monkeys
  3 electric eels (Elf:3)
  A troll skeleton (Lab)
  6 crimson imps
  A bullfrog zombie (D:9)
  2 quasits
  2 bullfrog skeletons
  3 hounds
  5 jellies
  24 orc wizards
  23 orc priests
  Jessica (D:2)
  3 iguanas
  34 worker ants
  6 hell rats (Lair:2)
  2 hound skeletons
  A howler monkey zombie (D:8)
  Robin (D:2)
  16 adders
  8 gnolls
  2 howler monkey skeletons
  2 shadow imps
  10 white imps
  8 ufetubi
  2 oozes
  An adder zombie (D:8)
  An adder skeleton (D:9)
  2 worms
  4 dart slugs
  5 leopard geckos
  97 orcs
  3 giant cockroaches
  13 goblins
  11 hobgoblins
  4 jackals (D:1)
  5 quokkas
  7 bats
  4 frilled lizards
  11 kobolds
  2 quokka skeletons (D:9)
  6 rats
  13 fungi
  A lurking horror (Abyss:3)
  3 plants
1325 creatures vanquished.

Vanquished Creatures (collateral kills)
  3 nagarajas (Snake:4)
  2 hydras
  A merfolk aquamancer (Shoals:4)
  A shock serpent (Snake:4)
  A thrashing horror (Abyss:3)
  A sea snake (Shoals:1)
  A harpy (Shoals:1)
  An ugly thing (D:11)
  2 fauns (Shoals:1)
  A salamander (Snake:3)
  3 merfolk
  A small abomination (Abyss:3)
  A spriggan (Lair:6)
  A water elemental (Shoals:1)
  A basilisk (Lair:1)
  8 nagas
  4 orc warriors (Orc:2)
  A crocodile (Lair:1)
  2 orc priests (Orc:2)
  2 orcs (Orc:2)
38 creatures vanquished.

Vanquished Creatures (others)
  The ghost of dion0 the Fighter, a journeyman GrFi of Zin (IceCv)
  The ghost of ANON1729 the Destroyer, a journeyman TeFE of Vehumet (IceCv)
  A satyr (Shoals:3)
  A wretched star (Abyss:3)
  3 deep elf magi
  5 dream sheep (Lair:2)
  An ice beast (D:14)
  A crocodile (D:14)
  An orc wizard (Elf:3)
  A white imp (IceCv)
  An ufetubus (IceCv)
  25 fungi
  15 plants
57 creatures vanquished.

Grand Total: 1420 creatures vanquished

Notes
Turn   | Place    | Note
-------+----------+-------------------------------------------
     0 | D:1      | Principatus the Minotaur Berserker began the quest for the Orb.
     0 | D:1      | Reached XP level 1. HP: 19/19 MP: 0/0
   165 | D:1      | Reached XP level 2. HP: 23/27 MP: 1/1
   602 | D:1      | Reached skill level 4 in Axes
   634 | D:1      | Reached XP level 3. HP: 23/33 MP: 2/2
   827 | D:1      | Reached ** piety under Trog
  1260 | D:2      | Noticed Jessica
  1264 | D:2      | Killed Jessica
  1264 | D:2      | Reached XP level 4. HP: 33/41 MP: 3/3
  1577 | D:2      | Noticed Robin
  1602 | D:2      | Killed Robin
  1706 | D:2      | Reached skill level 5 in Fighting
  1746 | D:2      | Reached skill level 5 in Axes
  1805 | D:2      | Reached XP level 5. HP: 21/48 MP: 4/4
  2750 | D:3      | Reached skill level 6 in Axes
  2806 | D:3      | Found a sacrificial altar of Ru.
  2879 | D:3      | Reached XP level 6. HP: 56/56 MP: 5/5
  3297 | D:4      | Reached skill level 7 in Axes
  3534 | D:4      | Found an iron altar of Okawaru.
  3699 | D:4      | Reached *** piety under Trog
  3972 | D:5      | Entered Level 5 of the Dungeon
  4045 | D:5      | Reached XP level 7. HP: 64/64 MP: 6/6
  4052 | D:5      | Reached skill level 8 in Axes
  4626 | D:5      | Reached skill level 9 in Axes
  4777 | D:5      | Found a staircase to the Ecumenical Temple.
  5057 | D:5      | Reached skill level 1 in Shields
  5276 | D:6      | Reached XP level 8. HP: 63/73 MP: 7/7
  5468 | D:6      | Noticed Principatus's ghost (novice MfSk)
  5545 | D:6      | Killed Principatus's ghost
  5545 | D:6      | Reached skill level 10 in Axes
  6203 | D:7      | Reached XP level 9. HP: 77/83 MP: 8/8
  6280 | D:7      | Reached **** piety under Trog
  6287 | D:7      | Reached skill level 11 in Axes
  6297 | D:7      | Gained mutation: You have an increased reservoir of magic. (+10% MP) [mutagenic meat]
  6302 | D:7      | Gained mutation: Scrolls take you a little longer to read. [mutagenic meat]
  6303 | D:7      | Gained mutation: You are weak. (Str -2) [mutagenic meat]
  6657 | D:7      | Reached skill level 10 in Fighting
  6933 | D:8      | Noticed a two-headed ogre
  6957 | D:8      | Noticed Prince Ribbit
  7094 | D:8      | Reached skill level 12 in Axes
  7138 | D:8      | Got a pair of steaming boots
  7143 | D:8      | Identified the +0 pair of boots of Dramatic Exits {rF+ Str+3 Dex-2 SInv} (You found it on level 8 of the Dungeon)
  7210 | D:8      | Killed Prince Ribbit
  7305 | D:8      | Killed a two-headed ogre
  7305 | D:8      | Reached XP level 10. HP: 96/96 MP: 10/10
  7917 | D:9      | Reached skill level 13 in Axes
  8339 | D:9      | Found a staircase to the Lair.
  8444 | D:9      | Noticed jotwebe's ghost (journeyman DrTm)
  8551 | D:9      | Killed jotwebe's ghost
  8915 | D:9      | Received a gift from Trog
  8920 | D:9      | Reached skill level 14 in Axes
  9069 | D:9      | Got an ichor-stained quarterstaff
  9084 | D:10     | Entered Level 10 of the Dungeon
  9140 | D:10     | Reached XP level 11. HP: 84/105 MP: 11/11
  9782 | D:10     | Reached skill level 5 in Armour
 10385 | D:11     | Reached ***** piety under Trog
 10423 | D:11     | Noticed an unseen horror
 10429 | D:11     | Killed an unseen horror
 10688 | D:11     | Found a staircase to the Orcish Mines.
 10706 | D:11     | Noticed a white ugly thing
 10737 | D:11     | Killed a white ugly thing
 11235 | D:11     | Noticed a red ugly thing
 11247 | D:11     | Killed a red ugly thing
 11506 | Lair:1   | Entered Level 1 of the Lair of Beasts
 11613 | D:9      | Reached skill level 15 in Axes
 12072 | Lair:1   | Noticed a seven-headed hydra
 12084 | Lair:1   | Killed a four-headed hydra
 12483 | Lair:1   | Noticed a seven-headed hydra
 12488 | Lair:1   | Killed an eight-headed hydra
 12860 | Lair:2   | Noticed Erica
 12875 | Lair:2   | Killed Erica
 12875 | Lair:2   | Reached XP level 12. HP: 109/116 MP: 12/12
 13023 | Lair:2   | Found a staircase to the Snake Pit.
 13501 | Lair:2   | Found a shimmering altar of Xom.
 14146 | Lair:3   | Noticed a queen ant
 14158 | Lair:3   | Killed a queen ant
 14158 | Lair:3   | Reached skill level 16 in Axes
 14708 | Lair:3   | Found a staircase to the Shoals.
 14795 | Lair:3   | Received a gift from Trog
 14795 | Lair:3   | Reached skill level 10 in Armour
 14956 | Lair:3   | Noticed a five-headed hydra
 14960 | Lair:3   | Killed a four-headed hydra
 15238 | Lair:4   | Noticed a four-headed hydra
 15244 | Lair:4   | Killed a one-headed hydra
 15244 | Lair:4   | Reached skill level 17 in Axes
 15326 | Lair:4   | Noticed an eight-headed hydra
 15349 | Lair:4   | Killed a four-headed hydra
 15349 | Lair:4   | Reached skill level 15 in Fighting
 15436 | Lair:4   | Reached XP level 13. HP: 105/126 MP: 13/13
 16271 | Lair:4   | Got a bloodstained battleaxe
 16280 | Lair:4   | Identified the +9 battleaxe of Wiritziff {drain, Str+5 Int+3} (You found it on level 4 of the Lair of Beasts)
 16974 | Lair:6   | Entered Level 6 of the Lair of Beasts
 17203 | Lair:6   | Noticed cba's ghost (journeyman SpFi)
 17220 | Lair:6   | Killed cba's ghost
 17382 | Lair:6   | Found a staircase to the Slime Pits.
 17383 | Lair:6   | Found a viscous altar of Jiyva.
 17567 | Lair:6   | Reached skill level 18 in Axes
 17594 | Lair:6   | Paralysed by a hornet for 1 turns
 17751 | Lair:6   | Noticed Kirke
 18231 | Lair:6   | Reached XP level 14. HP: 114/137 MP: 14/14
 18266 | Lair:6   | Killed Kirke
 18840 | Orc:1    | Entered Level 1 of the Orcish Mines
 19038 | Orc:2    | Entered Level 2 of the Orcish Mines
 19053 | Orc:2    | Found Xupo's General Store.
 19071 | Orc:2    | Found Loaga's Armour Boutique.
 19159 | Orc:2    | Found Zosov's Assorted Antiques.
 19163 | Orc:2    | Noticed an orc warlord
 19395 | Orc:2    | Received a gift from Trog
 19943 | Orc:2    | Killed an orc warlord
 20111 | Orc:2    | Found Kigobb's Book Shop.
 20113 | Orc:2    | Found Beukhanli's Magic Scroll Shop.
 20125 | Orc:2    | Found Ofaul's Antique Armour Emporium.
 20172 | Orc:2    | Found Voniq's Antique Weapon Shop.
 20476 | Orc:2    | Found a staircase to the Elven Halls.
 20493 | Orc:2    | Found Dahovv Ovom's General Store.
 20497 | Orc:2    | Bought a potion of agility for 60 gold pieces
 20497 | Orc:2    | Bought a scroll of identify for 30 gold pieces
 20497 | Orc:2    | Bought a scroll of identify for 30 gold pieces
 20516 | Orc:2    | Found Kos Ted's Jewellery Emporium.
 20787 | Orc:2    | Bought a +3 plate armour of fire resistance for 630 gold pieces
 20917 | Orc:2    | Bought a scroll of teleportation for 54 gold pieces
 20940 | Orc:2    | Bought a scroll of identify for 36 gold pieces
 20940 | Orc:2    | Bought a scroll of identify for 36 gold pieces
 20940 | Orc:2    | Bought a scroll of identify for 36 gold pieces
 20958 | Orc:2    | Bought a scroll of identify for 26 gold pieces
 20987 | Orc:2    | Bought a scroll of identify for 36 gold pieces
 21593 | D:12     | Noticed Nergalle
 21600 | D:12     | Killed Nergalle
 21601 | D:12     | Reached skill level 19 in Axes
 22389 | D:13     | Found a labyrinth entrance.
 22398 | Lab      | Entered a labyrinth
 22453 | Lab      | Received a gift from Trog
 22937 | Lab      | Identified the Papyrus of Fetching Summoning
 22938 | Lab      | Got a faintly glowing amber ring
 22971 | Lab      | Identified the ring "Xeammih" {+Blink Str+2 Int+4 Dex+4 Stlth+} (You found it in a labyrinth)
 23741 | D:13     | Reached XP level 15. HP: 138/147 MP: 15/15
 24299 | D:14     | Received a gift from Trog
 24521 | D:14     | Found a gate to the Vaults.
 24565 | D:14     | Got a faintly humming scale mail
 24571 | D:14     | Identified the +2 scale mail of the Great Game {Regen+} (You found it on level 14 of the Dungeon)
 24676 | D:14     | Found an opulent altar of Gozag.
 24722 | D:14     | Reached skill level 15 in Armour
 24908 | D:14     | Found a large runed door.
 24912 | D:14     | Found a large runed door.
 25388 | D:15     | Entered Level 15 of the Dungeon
 25895 | D:15     | Reached skill level 5 in Dodging
 25995 | D:15     | Reached skill level 20 in Axes
 26204 | D:15     | Found a staircase to the Depths.
 26207 | D:15     | Received a gift from Trog
 26528 | Snake:1  | Entered Level 1 of the Snake Pit
 28149 | Snake:1  | Identified a scroll of acquirement
 28932 | Snake:2  | Reached XP level 16. HP: 132/159 MP: 16/16
 30238 | Snake:3  | Received a gift from Trog
 31327 | Snake:4  | Entered Level 4 of the Snake Pit
 32119 | Snake:4  | Received a gift from Trog
 33242 | Snake:4  | Found Jinenise's Gadget Emporium.
 33302 | Snake:4  | Reached skill level 10 in Dodging
 33715 | Snake:4  | Reached XP level 17. HP: 118/170 MP: 17/17
 34824 | Snake:4  | Got a serpentine rune of Zot
 35035 | Shoals:1 | Entered Level 1 of the Shoals
 36025 | Shoals:1 | Received a gift from Trog
 36040 | Shoals:1 | Got an ichor-stained executioner's axe {god gift}
 36046 | Shoals:1 | Identified the +5 executioner's axe "Neonyev" {drain, rElec MR++ Int+3 Dex-4} (Trog gifted it to you on level 1 of the Shoals)
 36428 | Shoals:2 | Noticed Polyphemus
 37612 | Shoals:2 | Killed Polyphemus
 37619 | Shoals:2 | Lost mutation: You are weak. (Str -2) [potion of mutation]
 37619 | Shoals:2 | Lost mutation: Scrolls take you a little longer to read. [potion of mutation]
 37619 | Shoals:2 | Gained mutation: You are resistant to electric shocks. (rElec) [potion of mutation]
 37619 | Shoals:2 | Gained mutation: You are partially covered in molten scales. (AC +2) [potion of mutation]
 37996 | Shoals:2 | Reached skill level 21 in Axes
 38468 | Shoals:3 | Received a gift from Trog
 38492 | Shoals:3 | Got a tiger eye-encrusted chain mail
 38501 | Shoals:3 | Identified the +6 chain mail of Xitawiz {rF+ rC+} (You found it on level 3 of the Shoals)
 39234 | Shoals:3 | Reached XP level 18. HP: 103/182 MP: 18/18
 40029 | Shoals:4 | Entered Level 4 of the Shoals
 40210 | Shoals:4 | Noticed OneorTwo's ghost (adept KoBe)
 40213 | Shoals:4 | Noticed Ilsuiw
 40237 | Shoals:4 | Killed OneorTwo's ghost
 40294 | Shoals:3 | Killed Ilsuiw
 41131 | Shoals:4 | Found Koatuich's Gadget Emporium.
 41140 | Shoals:4 | Received a gift from Trog
 41149 | Shoals:4 | Bought a phial of floods for 640 gold pieces
 42698 | Shoals:4 | Got a barnacled rune of Zot
 42713 | Shoals:4 | Reached skill level 22 in Axes
 43088 | Shoals:4 | Got a flickering lead amulet
 43090 | Shoals:4 | Identified the amulet "Ahabb" {Gourm Slay+5} (You found it on level 4 of the Shoals)
 43471 | Shoals:4 | Identified the Grimoire of the Shifting Glacier
 44542 | Elf:1    | Entered Level 1 of the Elven Halls
 44551 | Elf:1    | Received a gift from Trog
 45708 | Elf:2    | Found a frozen archway.
 45714 | Elf:2    | Received a gift from Trog
 45719 | IceCv    | Entered an ice cave
 45726 | IceCv    | Killed dion0's ghost
 45802 | IceCv    | Killed ANON1729's ghost
 46029 | Elf:2    | Noticed Agnes
 46035 | Elf:2    | Killed Agnes
 46087 | Elf:2    | Reached XP level 19. HP: 100/191 MP: 19/19
 47029 | Elf:2    | Found a runed gate.
 47030 | Elf:2    | Found a runed gate.
 47033 | Elf:2    | Found a runed gate.
 47143 | Elf:2    | Received a gift from Trog
 47176 | Elf:2    | Reached skill level 1 in Evocations
 47360 | Elf:2    | Reached skill level 23 in Axes
 48099 | Elf:2    | Cast into level 3 of the Abyss (long sword of distortion)
 48329 | Abyss:3  | Noticed a bone dragon
 48718 | Abyss:3  | Received a gift from Trog
 48770 | Elf:2    | Escaped the Abyss
 48894 | Elf:3    | Entered Level 3 of the Elven Halls
 48927 | Elf:3    | Noticed Mara
 48942 | Elf:3    | Killed Mara
 49265 | Elf:3    | Noticed Nikola
 49275 | Elf:3    | Killed Nikola
 49749 | Elf:3    | Found Opsuo's Food Boutique.
 49803 | Elf:3    | Bought a royal jelly for 24 gold pieces
 49803 | Elf:3    | Bought a royal jelly for 24 gold pieces
 49803 | Elf:3    | Bought a royal jelly for 24 gold pieces
 49828 | Elf:3    | Noticed Saint Roka
 49838 | Elf:3    | Killed Saint Roka
 50131 | Elf:3    | Noticed Bai Suzhen
 50142 | Elf:3    | Killed Bai Suzhen
 50216 | Elf:3    | Killed from afar by a deep elf sorcerer

Skill      XL: |  1  2  3  4  5  6  7  8  9 10 11 12 13 14 15 16 17 18 19 |
---------------+----------------------------------------------------------+-----
Fighting       | 4 5 6 7 9 11 12 13 15 16 17 18 20 21 22 | 22.4
Axes           | 4 5 6 7 9 10 12 14 15 17 18 19 20 21 22 23 | 23.8
Shields        | 1 4 |  4.0
Armour         | 4 8 10 12 14 15 17 18 19 20 | 20.1
Dodging        | 3 4 7 10 11 | 11.5
Evocations     | 4 |  4.8

Action                   |  1- 3 |  4- 6 |  7- 9 | 10-12 | 13-15 | 16-18 | 19-21 || total
-------------------------+-------+-------+-------+-------+-------+-------+-------++-------
Melee: Hand axe          |    76 |    33 |   228 |   377 |     4 |       |       ||   718
       Headbutt          |     8 |    25 |    55 |   131 |   172 |   259 |    61 ||   711
       Whip              |       |    57 |    28 |       |       |       |       ||    85
       Battleaxe         |       |       |       |   276 |   706 |   501 |       ||  1483
       Broad axe         |       |       |       |    29 |    32 |       |       ||    61
       Unarmed           |       |       |       |       |     7 |       |       ||     7
       Executioner's axe |       |       |       |       |       |   719 |   305 ||  1024
 Fire: Hunting sling     |       |    11 |       |       |       |       |       ||    11
Throw: Tomahawk          |       |       |       |     9 |     6 |    35 |       ||    50
Invok: Berserk           |     2 |     7 |     4 |     5 |    13 |    18 |     9 ||    58
       Trog's Hand       |       |     2 |       |     3 |     2 |     6 |     3 ||    16
       Brothers in Arms  |       |       |       |     7 |     3 |     9 |     1 ||    20
       Burn Spellbooks   |       |       |       |       |     4 |     8 |     1 ||    13
Evoke: Wand              |       |       |       |     1 |     4 |     2 |     1 ||     8
       Lightning rod     |       |       |       |       |       |     2 |       ||     2
       Phial of floods   |       |       |       |       |       |     1 |     1 ||     2
       Box of beasts     |       |       |       |       |       |       |     1 ||     1
  Use: Scroll            |     1 |     3 |     4 |    12 |    31 |    13 |     4 ||    68
       Potion            |       |       |     1 |     3 |       |    19 |     3 ||    26
 Stab: Sleeping          |     1 |       |       |       |       |       |       ||     1
       Petrified         |       |       |       |       |       |     3 |       ||     3
       Invisible         |       |       |       |       |       |     3 |       ||     3
  Eat: Chunk             |     3 |    11 |    17 |    25 |    28 |    34 |    12 ||   130
       Bread ration      |       |     1 |       |       |       |     1 |       ||     2
       Meat ration       |       |       |       |     4 |     7 |     6 |     2 ||    19
       Royal jelly       |       |       |       |       |       |     7 |     1 ||     8
       Fruit             |       |       |       |       |       |     1 |       ||     1
Armor: Animal skin       |     7 |     5 |       |       |       |       |       ||    12
       Chain mail        |       |    10 |    29 |       |       |       |       ||    39
       Skin              |       |       |     3 |       |       |       |       ||     3
       Plate armour      |       |       |    37 |   259 |   394 |   921 |   235 ||  1846
Dodge: Dodged            |    47 |    63 |    47 |   253 |   371 |   756 |   163 ||  1700
Block: Buckler           |       |       |    90 |   124 |    16 |       |       ||   230
       Other             |       |       |     7 |    32 |    95 |   187 |       ||   321
       Reflection        |       |       |     3 |     4 |     7 |    23 |       ||    37
